 Dungeon Sprint DCSS version 0.27-a0-1051-g288ea87c7c (webtiles) character file.

Game seed: 5881852719684039456

543 mhtbhm the Arsonist (level 7, -6/36 HPs)
             Began as a Deep Elf Fire Elementalist on Apr 20, 2021.
             Was a Follower of Vehumet.
             Splashed by a brown very ugly thing's acid (8 damage)
             ... in the Dungeon (Sprint V: "Ziggurat Sprint").
             The game lasted 00:01:26 (259 turns).

mhtbhm the Arsonist (Deep Elf Fire Elementalist)     Turns: 259, Time: 00:01:28

Health: -6/36      AC:  5    Str:  5    XL:     7   Next: 6%
Magic:  21/21      EV: 15    Int: 34    God:    Vehumet [*.....]
Gold:   0          SH:  0    Dex: 15    Spells: 8/24 levels left

rFire    + . .     SeeInvis .   C - +8 lance "Wyrmbane" {slay drac, rPois rF+ rC+ AC+3}
rCold    + . .     Faith    .   (no shield)
rNeg     . . .     Spirit   .   a - +0 robe
rPois    +         Reflect  .   (no helmet)
rElec    .         Harm     .   (no cloak)
rCorr    .         Rampage  .   (no gloves)
Will     .....     NoTele   +   (no boots)
Stlth    +++.......             (no amulet)
HPRegen  0.12/turn              u - +6 ring of intelligence
MPRegen  0.17/turn              v - +6 ring of intelligence

@: studying Unarmed Combat
A: no striking features
a: Renounce Religion


You were in the Dungeon.
You worshipped Vehumet.
Vehumet was aware of your devotion.
You visited 1 branch

Inventory:

Hand Weapons
 C - the +8 lance "Wyrmbane" (weapon) {slay drac, rPois rF+ rC+ AC+3}
   (You found it in the Dungeon)

   It affects your AC (+3).
   It protects you from fire.
   It protects you from cold.
   It protects you from poison.
Armour
 a - a +0 robe (worn)
 s - the +8 orange crystal plate armour {Archmagi, Int+3 Clar}
   (You found it in the Dungeon)

   It affects your intelligence (+3).
   It protects you against confusion.
Jewellery
 u - a +6 ring of intelligence (left hand)
 v - a +6 ring of intelligence (right hand)
Wands
 y - a wand of mindburst (7)
 z - a wand of iceblast (5)
 A - a wand of acid (5)
Scrolls
 h - 4 scrolls of blinking
 m - 4 scrolls of amnesia
 n - 7 scrolls of fog
 o - a scroll of holy word
 p - 5 scrolls of identify
 q - 2 scrolls of fear
Potions
 b - 2 potions of brilliance
 c - 10 potions of curing
 d - 5 potions of heal wounds
 e - 6 potions of haste
 f - 7 potions of magic
 g - 3 potions of berserk rage
 i - 2 potions of invisibility
 j - 4 potions of resistance
 k - a potion of experience
 l - 5 potions of might
Miscellaneous
 r - a tin of tremorstones (1/2)
 B - a lightning rod (4/4)


   Skills:
 + Level 7.0 Dodging
 + Level 6.3 Stealth
 + Level 9.3 Spellcasting
 + Level 2.0 Conjurations
 + Level 12.3 Fire Magic
 + Level 2.2 Evocations


You had 8 spell levels left.
You knew the following spells:

 Your Spells              Type           Power      Damage    Failure   Level
a - Foxfire               Conj/Fire      100%       2x1d9     1%          1
b - Conjure Flame         Conj/Fire      60%        6-21      1%          3
c - Inner Flame           Hex/Fire       55%        N/A       1%          3
d - Sticky Flame          Conj/Fire      60%        2d8       1%          4
e - Fireball              Conj/Fire      30%        3d13      4%          5

Your spell library contained the following spells:

 Spells                   Type           Power      Damage    Failure   Level
 Sandblast                Erth           30%        2d9       2%          1


Dungeon Overview and Level Annotations

Branches:
Dungeon (1/1)

Altars:
Ashenzari
Cheibriados
Dithmenos
Elyvilon
Fedhas
Gozag
Hepliaklqana
Kikubaaqudgha
Makhleb
Nemelex Xobeh
Okawaru
Qazlal
Ru
Sif Muna
Trog
Uskayaw
Vehumet
Wu Jian
Xom
Yredelemnul
Zin
The Shining One
Beogh
Jiyva
Lugonu

Annotations:
D 1 transporter


Message History

The necromancer binds the souls of nearby monsters.
The yaktaur shoots a bolt.
The bolt hits you!!
Ouch! That really hurt!
* * * LOW HITPOINT WARNING * * *
The brown very ugly thing gurgles horribly!
You feel much better.
Unknown command.
The tremorstone explodes into fragments!
The burst of rock shards engulfs the brown very ugly thing!
The burst of rock shards engulfs you!!
Ouch! That really hurt!
* * * LOW HITPOINT WARNING * * *
The burst of rock shards engulfs the necromancer!
Unknown command.
Unknown command.
Unknown command.
You feel much better.
The yaktaur shoots a bolt.
The bolt hits you!!
Ouch! That really hurt!
* * * LOW HITPOINT WARNING * * *
Unknown command.
You feel much better.
The yaktaur shoots a bolt.
The bolt hits you!
Unknown command.
Aiming: Corrosive Bolt
Press: ? - help, Shift-Dir - straight line, f - yaktaur
Aim: a yaktaur, wielding a +0 arbalest and quivering bolts (soul bound, 94% to hit)
The bolt of acid hits the brown very ugly thing!
The brown very ugly thing is lightly wounded.
The bolt of acid hits the yaktaur!
The yaktaur is splashed with acid.
The acid corrodes the yaktaur!
The yaktaur is moderately wounded.
The brown very ugly thing misses you.
Unknown command.
Unknown command.
You feel much better.
The necromancer points at you and mumbles some strange words.
Your body is wracked with pain!
The brown very ugly thing tentacle-slaps you!
* * * LOW HITPOINT WARNING * * *
You are splashed with acid!
You die...

▓▓▓▓▓▓▓▓▓▓▓▓▓▓▓▓▓▓▓
▓.8©8.▓.8©8.▓.8©8.▓
▓.})).▓.}.|.▓.....▓
▓..[..▓.....▓.....▓
▓.....▓...†.▓.†...▓
▓..c..▓..††.▓.[...▓
▓..up.▓.....▓..©..▓
▓..@p.▓..©..▓▓▓▓▓▓▓
▓▓▓▓▓▓▓▓▓▓▓▓▓


You could see a brown very ugly thing (soul bound), an ironbound convoker (soul
bound), a yaktaur (soul bound, corroded) and a necromancer.

Vanquished Creatures
  A jumping spider (D)
  A steam dragon (D)
  A swamp drake (D)
  2 scorpions (D)
5 creatures vanquished.

Notes
Turn   | Place    | Note
-------+----------+-------------------------------------------
     0 | D        | mhtbhm the Deep Elf Fire Elementalist began the quest for
                  | the Orb.
     0 | D        | Reached XP level 1. HP: 10/10 MP: 6/6
     0 | D        | Found a shimmering blue altar of Sif Muna.
     0 | D        | Found a bloodstained altar of Trog.
     0 | D        | Found a sacrificial altar of Ru.
     0 | D        | Found a stormy altar of Qazlal.
     0 | D        | Found an iron altar of Okawaru.
     1 | D        | Found a sparkling altar of Nemelex Xobeh.
     1 | D        | Found a blossoming altar of Fedhas.
     2 | D        | Found the +6 Majin-Bo {vamp, MP+6 Int+6}
     2 | D        | Found the +9 heavy crossbow "Sniper" {vorpal, Acc+∞ SInv}
     2 | D        | Found the +10 dark maul {vorpal}
     2 | D        | Found the +15 Maxwell's patent armour {-Cast -Tele rElec
                  | Will+ rCorr}
     2 | D        | Found the +18 shield of the Gong {rElec rN+ Will+ EV-5}
     2 | D        | Found the +14 obsidian axe {vorpal, Drain Fly SInv}
     2 | D        | Found the +7 great mace "Firestarter" {inner flame, rF++}
     2 | D        | Found the +6 shillelagh "Devastator" {shatter}
     2 | D        | Found the +11 plutonium sword {Contam Stlth-}
     2 | D        | Found the +8 lance "Wyrmbane" {slay drac, rPois rF+ rC+
                  | AC+3}
     2 | D        | Found the +9 sword of Zonguldrok {reap}
     2 | D        | Found the +13 scythe of Curses {drain, Drain}
     2 | D        | Found the +5 sword of Power {vorpal}
     2 | D        | Found the +7 mace of Variability {chain chaos}
     2 | D        | Found the +7 Singing Sword {vorpal, sonic wave}
     2 | D        | Found the +8 storm bow {elec, penet}
     3 | D        | Found a transporter.
     3 | D        | Found an ancient bone altar of Kikubaaqudgha.
     3 | D        | Found a viscous altar of Jiyva.
     3 | D        | Found a corrupted altar of Lugonu.
     3 | D        | Found a hazy altar of Hepliaklqana.
     3 | D        | Found a burning altar of Makhleb.
     3 | D        | Found an opulent altar of Gozag.
    18 | D        | Became a worshipper of Vehumet
    47 | D        | Entered arena 2.
    47 | D        | Noticed a swamp drake
    47 | D        | Noticed a steam dragon
    47 | D        | Found a transporter.
    49 | D        | Killed a swamp drake
    50 | D        | Reached skill level 5 in Spellcasting
    50 | D        | Reached skill level 7 in Fire Magic
    50 | D        | Reached XP level 2. HP: 12/15 MP: 6/10
    50 | D        | Reached XP level 3. HP: 16/19 MP: 7/12
    50 | D        | Reached XP level 4. HP: 20/24 MP: 7/13
    50 | D        | Killed a steam dragon
    51 | D        | Reached skill level 5 in Dodging
    51 | D        | Reached skill level 5 in Stealth
    51 | D        | Reached skill level 10 in Fire Magic
    51 | D        | Reached skill level 1 in Evocations
    51 | D        | Reached XP level 5. HP: 22/28 MP: 7/17
   121 | D        | Learned a level 3 spell: Conjure Flame
   125 | D        | Learned a level 3 spell: Inner Flame
   130 | D        | Learned a level 4 spell: Sticky Flame
   136 | D        | Learned a level 5 spell: Fireball
   140 | D        | Entered arena 3.
   140 | D        | Noticed a jumping spider
   140 | D        | Found a transporter.
   141 | D        | Found the +8 orange crystal plate armour {Archmagi, Int+3
                  | Clar}
   142 | D        | Reached * piety under Vehumet
   142 | D        | Offered knowledge of Sandblast by Vehumet.
   143 | D        | Reached XP level 6. HP: 32/32 MP: 7/19
   143 | D        | Killed a jumping spider
   144 | D        | Reached skill level 12 in Fire Magic
   144 | D        | Reached XP level 7. HP: 36/36 MP: 3/21
   252 | D        | Entered arena 4.
   252 | D        | Noticed a brown very ugly thing
   252 | D        | Noticed an ironbound convoker
   252 | D        | Noticed a necromancer
   252 | D        | Noticed a yaktaur
   252 | D        | Found a transporter.
   259 | D        | Splashed by a brown very ugly thing's acid

Illustrated notes

Levels and vault maps discovered:
D:        sprint_v [room_start, room_1, room_2, room_3, room_4, room_5, room_6,
          room_7, room_8, room_9, room_10, room_11, room_12, room_13, room_14,
          room_15, room_16, room_17, room_18, room_19, room_20, room_21,
          room_22, room_23, room_24, room_25, room_26, room_27]

Skill      XL: |  1  2  3  4  5  6 |
---------------+-------------------+-----
Dodging        | 4 5 7 |  7.0
Stealth        | 4 5 6 |  6.3
Spellcasting   | 5 7 8 9 |  9.3
Fire Magic     | 7 10 12 | 12.3
Evocations     | 1 2 |  2.2
Conjurations   | 2 |  2.0

Action                   |  1- 3 |  4- 6 |  7- 9 || total
-------------------------+-------+-------+-------++-------
 Cast: Fireball          |       |     3 |       ||     3
Evoke: Wand              |     2 |     1 |     1 ||     4
       Tin of tremorston |       |       |     1 ||     1
  Use: Potion            |       |       |     5 ||     5
Dodge: Dodged            |     1 |       |     1 ||     2

Table legend: (Time is in decaauts)
 A = Elapsed time spent in this place.
 B = Non-inter-level travel time spent in this place.
 C = Inter-level travel time spent in this place.
 D = Time resting spent in this place.
 E = Time spent auto-exploring this place.
 F = Levels seen in this place.
 G = Mean time per level.
                   A        B        C        D        E       F      G
               +--------+--------+--------+--------+--------+-----+--------+
         Total |    257 |    257 |      0 |    154 |      0 |   1 |  257.0 |
       Dungeon |    257 |    257 |      0 |    154 |      0 |   1 |  257.0 |
               +--------+--------+--------+--------+--------+-----+--------+

Top non-repeatable levels by time:
       D: 257 daAuts
